 Dungeon Crawl Stone Soup version 0.30-a0-576-g89cddaab80 (webtiles) character file.

Game seed: 3976128626271843026

32 rsvaco the Cudgeller (level 3, -4/22 HPs)
             Began as a Gargoyle Gladiator on Dec 30, 2022.
             Was an Initiate of Nemelex Xobeh.
             Killed from afar by an orc wizard (10 damage)
             ... with a magic dart
             ... on level 2 of the Dungeon.
             The game lasted 00:04:40 (1354 turns).

rsvaco the Cudgeller (Gargoyle Gladiator)           Turns: 1354, Time: 00:04:41

Health: -4/22      AC: 10    Str: 19    XL:     3   Next: 25%
Magic:  3/3        EV: 10    Int:  8    God:    Nemelex Xobeh [......]
Gold:   61         SH:  0    Dex: 11    Spells: 2/2 levels left

rFire   . . .      SeeInvis .    a - +0 flail
rCold   . . .      Faith    .    (no shield)
rNeg    + . .      Spirit   .    l - +0 scale mail
rPois   ∞          Reflect  .    c - +0 helmet
rElec   +          Harm     .    (no cloak)
rCorr   .          Rampage  .    (no gloves)
Will    .....                    (no boots) Stlth
                                 (no amulet)
HPRegen 0.23/turn                (no ring)
MPRegen 0.08/turn                (no ring)

@: no status effects
A: sickness immunity, AC +3, negative energy resistance 1, electricity
resistance, torment resistance 1, petrification resistance
a: Renounce Religion, Draw Escape, Draw Destruction, Draw Summoning


You were on level 2 of the Dungeon.
You worshipped Nemelex Xobeh.
Nemelex Xobeh was noncommittal.
You visited 1 branch of the dungeon, and saw 2 of its levels.

You collected 61 gold pieces.

Inventory:

Hand Weapons
 a - a +0 flail (weapon)
Missiles
 d - 2 throwing nets (quivered)
Armour
 b - a +0 leather armour
 c - a +0 helmet (worn)
 l - a +0 scale mail (worn)
 m - a +0 plate armour
Wands
 n - a wand of flame (13)
Scrolls
 e - 3 scrolls of immolation {unknown}
 f - 2 scrolls of identify
 g - a scroll of amnesia {unknown}
Potions
 i - a potion of curing {unknown}
 j - 2 potions of degeneration


   Skills:
 + Level 2.3 Fighting
 + Level 3.5 Maces & Flails
 + Level 1.9 Throwing
 + Level 0.3 Armour
 + Level 2.9 Dodging


You had 2 spell levels left.
You didn't know any spells.
Your spell library was empty.

Dungeon Overview and Level Annotations

Branches:
Dungeon (2/15)

Altars:
Nemelex Xobeh

Shops:
D:2 ([


Innate Abilities, Weirdness & Mutations

You are immune to sickness and miasma.
Your stone body is resilient. (AC +3)
You are immune to poison.
You resist negative energy. (rN+)
You are resistant to electric shocks. (rElec)
You are resistant to unholy torment.
You are immune to petrification.


Message History

The orc barely misses you.
You barely miss the orc.
An orc comes into view. It is wielding a +0 flail.
Something completely misses you.
An orc comes into view. It is wielding a +0 hand axe.
You closely miss the orc. The orc hits you but does no damage.
The orc hits you with a +0 short sword. Something hits you but does no damage.
You hit the orc but do no damage. The orc closely misses you.
Something hits you but does no damage.
You sock the orc!
You kill the orc!
Something hits you. The orc closely misses you. Something hits you.
The orc hits you but does no damage.
You hit the orc.
The orc is severely wounded.
Something hits you. The orc barely misses you.
You closely miss the orc.
The orc is severely wounded.
Something hits you. The orc hits you but does no damage. The orc misses you.
The orc barely misses you. The orc hits you but does no damage.
Something hits you. The orc barely misses you.
You sock the orc!
You kill the orc!
The orc hits you but does no damage. x2
You hear some strange, mumbled words.
A puff of flame appears from out of thin air!
The puff of flame hits you.
You hear some strange, mumbled words.
A puff of flame appears from out of thin air!
The puff of flame misses you. Something hits you.
The orc attacks as you move away! The orc hits you but does no damage.
The rat twitches its whiskers.
The rat bites you.
* * * LOW HITPOINT WARNING * * *
You hear some strange, mumbled words.
A magic dart appears from out of thin air!
The magic dart hits you!
You die...
Your body disappears without a glow.

*,,,,,,,,.,,...............#
*******,,..,,.........#....#
*,,,.o#+#.#####.#....#
*,,,,,'.......#.#....###
*,,,,,,#...............#
#,,,*,,#....$..........##
*#..***,#............_...###
**....#,,#................##.
*,,#....##){@......#.......+.
*,**#...)).ro#####.##...#.##.
*,,#...(....o# #.##.#......
**...........# **#.##.##.##..
*###........# *,...#.*#...#.
#.<......# *,#....*###.#.
###.....## *,#.###* #...
#.....##**,#.# ####
#..##..#,,,#.####### #


You could see 2 orcs and a rat.

Vanquished Creatures
  2 orcs (D:2)
  3 endoplasms
  A goblin (D:1)
  2 hobgoblins (D:1)
  3 jackals (D:1)
  3 quokkas (D:1)
  4 ball pythons
  A bat (D:1)
  A frilled lizard (D:2)
  4 kobolds
  4 rats
28 creatures vanquished.

Notes
Turn   | Place    | Note
-------+----------+-------------------------------------------
     0 | D:1      | rsvaco the Gargoyle Gladiator began the quest for the Orb.
     0 | D:1      | Reached XP level 1. HP: 12/12 MP: 1/1
   165 | D:1      | Reached XP level 2. HP: 17/17 MP: 2/2
   882 | D:2      | Found Gueseceu's Armour Shoppe.
   913 | D:2      | Found a sparkling altar of Nemelex Xobeh.
   947 | D:2      | Became a worshipper of Nemelex Xobeh the Trickster
   955 | D:2      | Reached XP level 3. HP: 22/22 MP: 3/3
  1017 | D:2      | Found Fupsoum's Antique Weapon Shop.
  1354 | D:2      | Killed from afar by an orc wizard

Illustrated notes

Levels and vault maps discovered:
D:1:      spicycebolla_arrival_transporter_tutorial, layout_basic
D:2:      layout_basic, basic_altar, serial_shops, nicolae_square_shop,
          nicolae_shop_advertising_works [nicolae_subvault_shop_adworks],
          minmay_pentomino_x2

Action                   || total
-------------------------++-------
Melee: Flail             ||    65
Throw: Javelin           ||     5
       Throwing net      ||     1
  Use: Scroll            ||     5
Armor: Leather armour    ||    21
       Scale mail        ||    15
Dodge: Dodged            ||    62

Table legend: (Time is in decaauts)
 A = Elapsed time spent in this place.
 B = Non-inter-level travel time spent in this place.
 C = Inter-level travel time spent in this place.
 D = Time resting spent in this place.
 E = Time spent auto-exploring this place.
 F = Levels seen in this place.
 G = Mean time per level.
                   A        B        C        D        E       F      G
               +--------+--------+--------+--------+--------+-----+--------+
         Total |   1375 |   1317 |     58 |      0 |    926 |   2 |  687.5 |
       Dungeon |   1375 |   1317 |     58 |      0 |    926 |   2 |  687.5 |
               +--------+--------+--------+--------+--------+-----+--------+

Top non-repeatable levels by time:
     D:1: 898 daAuts
     D:2: 477 daAuts
